 Dungeon Crawl Stone Soup version 0.27-a0-1217-g8a41f320e8 (webtiles) character file.

Game seed: 574539438457791708

7749 bande the Cleaver (level 11, -1/64 HPs)
             Began as a Gargoyle Fighter on June 5, 2021.
             Was a High Priest of Okawaru.
             Killed from afar by a frost giant (7 damage)
             ... with a bolt of cold
             ... on level 9 of the Dungeon.
             The game lasted 00:17:54 (12698 turns).

bande the Cleaver (Gargoyle Fighter)               Turns: 12698, Time: 00:17:54

Health: -1/64      AC: 25    Str: 22    XL:     11   Next: 20%
Magic:  0/26       EV:  9    Int:  9    God:    Okawaru [*****.]
Gold:   486        SH: 14    Dex: 10    Spells: 18/18 levels left

rFire    . . .     SeeInvis .   a - +0 war axe (drain)
rCold    + . .     Faith    .   c - +1 kite shield
rNeg     + . .     Spirit   +   k - +0 chain mail
rPois    ∞         Reflect  .   (no helmet)
rElec    +         Harm     .   i - +1 cloak {rCorr}
rCorr    +         Rampage  .   m - +1 pair of gloves
Will     .....                  (no boots)
Stlth    ..........             f - amulet of guardian spirit
HPRegen  0.20/turn              s - ring of magical power
MPRegen  0.20/turn              l - ring of protection from cold

@: heroic, hasted, studying Transmutations, very quick
A: sickness immunity, AC +8, negative energy resistance 1, electricity
resistance, torment resistance 1, petrification resistance
a: Renounce Religion, Heroism, Finesse


You were on level 9 of the Dungeon.
You worshipped Okawaru.
Okawaru was extremely pleased with you.
You visited 2 branches of the dungeon, and saw 10 of its levels.

You collected 486 gold pieces.

Inventory:

Hand Weapons
 a - a +0 war axe of draining (weapon)
 p - a +2 flail of holy wrath
Missiles
 q - 3 atropa-tipped darts (quivered)
 r - 2 throwing nets
 A - a curare-tipped dart
Armour
 c - a +1 kite shield (worn)
 i - a +1 cloak of preservation (worn)
 k - a +0 chain mail (worn)
 m - a +1 pair of gloves (worn)
Jewellery
 f - an amulet of guardian spirit (around neck)
 h - a ring of see invisible
 l - a ring of protection from cold (right hand)
 o - an amulet of faith
 s - a ring of magical power (left hand)
 u - the ring of Curiosity {rPois Str+2}
   (You found it on level 7 of the Dungeon)

   [ring of poison resistance]

   It affects your strength (+2).
   It protects you from poison.
Wands
 j - a wand of iceblast (8)
 n - a wand of mindburst (10)
 t - a wand of paralysis (7)
 z - a wand of charming (6)
Scrolls
 d - 2 scrolls of identify
 v - 2 scrolls of enchant armour
 x - a scroll of magic mapping
 y - a scroll of teleportation
Potions
 b - 2 potions of lignification
 e - a potion of cancellation


   Skills:
 + Level 6.1(11.1) Fighting
 + Level 8.1(13.1) Axes
 + Level 7.6(12.6) Armour
 - Level 0.6(5.6) Dodging
 + Level 7.6(12.6) Shields
 + Level 4.1 Spellcasting
 * Level 5.0 Transmutations
 * Level 6.5 Invocations
 * Level 5.2 Evocations


You had 18 spell levels left.
You didn't know any spells.
Your spell library contained the following spells:

 Spells                   Type           Power      Damage    Failure   Level
 Summon Small Mammal      Summ           4%         N/A       89%         1
 Call Imp                 Summ           1%         N/A       96%         2
 Call Canine Familiar     Summ           1%         N/A       99%         3
 Summon Guardian Golem    Hex/Summ       1%         N/A       99%         3
 Summon Ice Beast         Ice/Summ       1%         N/A       100%        4
 Summon Lightning Spire   Summ/Air       1%         N/A       100%        4


Dungeon Overview and Level Annotations

Branches:
Dungeon (9/15)             Temple (1/1) D:4            Lair (0/6) D:9
    Orc: D:9-12

Altars:
Ashenzari
Cheibriados
Elyvilon
Fedhas
Makhleb
Okawaru
Qazlal
Ru
Uskayaw
Vehumet
Wu Jian
Yredelemnul
Zin
The Shining One

Shops:
D:1 [


Innate Abilities, Weirdness & Mutations

You are immune to sickness and miasma.
Your stone body is resilient. (AC +8)
You are immune to poison.
You resist negative energy. (rN+)
You are resistant to electric shocks. (rElec)
You are resistant to unholy torment.
You are immune to petrification.


Message History

You block the frost giant's attack.
You hit the frost giant but do no damage.
You drain the frost giant.
The frost giant is moderately wounded.
The frost giant gestures at you while chanting.
The bolt of cold hits you. You resist.
* * * LOW HITPOINT WARNING * * *
You hit the frost giant but do no damage.
The frost giant is lightly wounded.
You block the frost giant's attack.
You feel better.
The frost giant hits you with a +0 battleaxe of freezing!
The frost giant freezes you.
You hit the frost giant but do no damage.
The frost giant is lightly wounded.
You block the frost giant's attack.
You slice the frost giant!! You drain the frost giant.
The frost giant is heavily wounded.
The frost giant closely misses you.
You hit the frost giant. You drain the frost giant.
The frost giant is heavily wounded.
The frost giant hits you but does no damage.
You hit the frost giant but do no damage.
The frost giant is heavily wounded.
You slash the frost giant!
The frost giant is heavily wounded.
The frost giant hits you with a +0 battleaxe of freezing!!
* * * LOW HITPOINT WARNING * * *
The frost giant freezes you.
You hit the frost giant but do no damage.
The frost giant is heavily wounded.
The frost giant hits you with a +0 battleaxe of freezing.
* * * LOW HITPOINT WARNING * * *
You slash the frost giant! You drain the frost giant.
The frost giant is severely wounded.
You block the frost giant's attack.
You feel yourself speed up. The frost giant closely misses you.
The frost giant gestures at you while chanting.
The bolt of cold hits you! You resist.
You die...

#........##
..........
#.........#
.........
##.........#
.........
#..........##
.........
#...........#
#........
#...........#
#........
#......P...##
#C.......
.....[...P.## #.#
............# #@#
P.P.........####.#
.♣.P.....).♣.##..#
...).............#
.....>..P........#
)................#
.♣...............#
...................
...P.............#..


You could see a frost giant (drained).

Vanquished Creatures
  A centaur warrior (D:9)
  A two-headed ogre (D:8)
  A flayed ghost (D:9)
  A cyclops (D:7)
  Psyche (D:8)
  3 trolls
  3 wyverns
  4 yaks
  An acid dragon (D:8)
  4 water moccasins
  3 orc warriors
  2 sky beasts
  4 black bears
  2 ice beasts
  2 wolves (D:9)
  An ogre (D:6)
  A centaur (D:8)
  2 kobold brigands
  2 bullfrogs (D:6)
  A wyvern zombie (D:6)
  A gnoll sergeant (D:5)
  A scorpion (D:5)
  A wyvern skeleton (D:7)
  A wight (D:9)
  6 killer bees
  An electric eel (D:8)
  4 howler monkeys
  2 centaur zombies
  A bullfrog skeleton (D:5)
  A bullfrog zombie (D:6)
  4 jellies
  2 gnoll shamans
  2 orc priests
  A centaur skeleton (D:7)
  Jessica (D:2)
  Terence (D:2)
  2 orc wizards (D:7)
  2 killer bee zombies (D:8)
  A hound zombie (D:5)
  3 howler monkey zombies
  4 river rats (D:6)
  7 adders
  10 gnolls
  A white imp (D:8)
  3 worms
  17 orcs
  6 ball pythons
  7 bats
  8 endoplasms
  2 giant cockroaches (D:3)
  5 hobgoblins
  13 kobolds
  5 quokkas
  5 frilled lizards
  9 goblins
  4 rats
184 creatures vanquished.

Vanquished Creatures (others)
  5 fungi (D:9)
  50 plants
55 creatures vanquished.

Grand Total: 239 creatures vanquished

Notes
Turn   | Place    | Note
-------+----------+-------------------------------------------
     0 | D:1      | bande the Gargoyle Fighter began the quest for the Orb.
     0 | D:1      | Reached XP level 1. HP: 14/14 MP: 1/1
    30 | D:1      | Reached XP level 2. HP: 18/19 MP: 2/2
    32 | D:1      | Reached skill level 2 in Axes
   247 | D:1      | You fall into a shaft and drop 1 floor!
   323 | D:1      | Found Roaseo Penti's Armour Shop.
   972 | D:2      | Reached XP level 3. HP: 23/23 MP: 3/3
   988 | D:2      | Noticed Terence
   995 | D:2      | Killed Terence
  1003 | D:2      | Reached XP level 4. HP: 16/28 MP: 2/5
  1330 | D:2      | Noticed Jessica
  1335 | D:2      | Killed Jessica
  1336 | D:2      | Reached skill level 1 in Spellcasting
  2002 | D:3      | Reached XP level 5. HP: 32/33 MP: 4/6
  2008 | D:3      | Reached skill level 3 in Axes
  2305 | D:3      | Found a basalt altar of Yredelemnul.
  2643 | D:3      | Found a faded altar of an unknown god.
  2938 | D:4      | HP: 1/33 [orc/+0 short sword (4)]
  3227 | D:4      | Found a glowing golden altar of the Shining One.
  3227 | D:4      | Found an ornate altar of the Wu Jian Council.
  3267 | D:4      | Found a radiant altar of Vehumet.
  3485 | D:4      | Found a staircase to the Ecumenical Temple.
  3502 | Temple   | Entered the Ecumenical Temple
  3528 | Temple   | Became a worshipper of Warmaster Okawaru
  3796 | D:4      | Found a snail-covered altar of Cheibriados.
  3842 | D:5      | Entered Level 5 of the Dungeon
  3899 | D:4      | Reached XP level 6. HP: 38/38 MP: 8/8
  4343 | D:5      | Reached skill level 1 in Invocations
  4439 | D:5      | Reached skill level 4 in Axes
  4587 | D:5      | Reached skill level 1 in Evocations
  4587 | D:5      | Reached XP level 7. HP: 31/43 MP: 7/10
  4680 | D:5      | Reached * piety under Okawaru
  5062 | D:6      | Found a glowing silver altar of Zin.
  5786 | D:6      | Reached XP level 8. HP: 48/48 MP: 12/12
  5981 | D:6      | Reached ** piety under Okawaru
  5987 | D:6      | Reached skill level 5 in Armour
  6345 | D:5      | Reached skill level 5 in Axes
  6345 | D:5      | Reached skill level 5 in Shields
  7195 | D:7      | Noticed a yak
  7195 | D:7      | Noticed a yak
  7195 | D:7      | Noticed a troll
  7208 | D:7      | Noticed a yak
  7223 | D:6      | Killed a yak
  7229 | D:6      | Killed a troll
  7296 | D:6      | Killed a yak
  7297 | D:6      | Reached XP level 9. HP: 27/52 MP: 7/14
  7298 | D:6      | Reached *** piety under Okawaru
  7571 | D:7      | Received a gift from Okawaru
  7806 | D:7      | Noticed a +0 dagger
  7806 | D:7      | Noticed a +0 spear
  7807 | D:7      | Noticed a +0 falchion
  7807 | D:7      | Noticed a +0 short sword
  7807 | D:7      | Noticed a +0 spear
  7808 | D:7      | Noticed a +0 dagger
  7808 | D:7      | Noticed a +0 short sword
  7941 | D:7      | Noticed a +0 falchion
  7949 | D:7      | Found a hide-covered altar of Uskayaw.
  7972 | D:7      | Reached skill level 6 in Axes
  8314 | D:7      | Reached skill level 5 in Fighting
  8617 | D:7      | Identified the ring of Curiosity {rPois Str+2}
  9020 | D:8      | Noticed a cyclops
  9048 | D:7      | Killed a cyclops
  9048 | D:7      | Reached **** piety under Okawaru
  9049 | D:7      | Reached skill level 1 in Transmutations
  9070 | D:8      | Noticed a troll
  9083 | D:8      | Killed a troll
  9635 | D:8      | Reached XP level 10. HP: 53/59 MP: 16/16
  9636 | D:8      | Reached skill level 5 in Invocations
 10049 | D:8      | Reached skill level 7 in Axes
 10279 | D:8      | Noticed Psyche
 10305 | D:8      | Killed Psyche
 10437 | D:8      | Found a blossoming altar of Fedhas.
 10437 | D:8      | Found a glowing silver altar of Zin.
 10845 | D:9      | Reached ***** piety under Okawaru
 10963 | D:9      | Noticed a two-headed ogre
 11213 | D:8      | Killed a two-headed ogre
 11718 | D:8      | Received a gift from Okawaru
 12202 | D:9      | Found a staircase to the Lair.
 12327 | D:9      | Noticed a centaur warrior
 12336 | D:9      | Killed a centaur warrior
 12337 | D:9      | Reached skill level 5 in Evocations
 12337 | D:9      | Reached XP level 11. HP: 44/64 MP: 17/17
 12530 | D:9      | Reached skill level 8 in Axes
 12601 | D:9      | Noticed a flayed ghost
 12619 | D:9      | Killed a flayed ghost
 12620 | D:9      | Reached skill level 5 in Transmutations
 12676 | D:9      | Noticed a frost giant
 12698 | D:9      | Killed from afar by a frost giant

Illustrated notes

Levels and vault maps discovered:
D:1:      dpeg_arrival_rooms_with_view, layout_basic, serial_forest,
          infiniplex_forest_clump_double, infiniplex_forest_pool,
          infiniplex_forest_clump_C, infiniplex_forest_lined_2,
          infiniplex_forest_clump_diagonal, infiniplex_forest_clump_tiny,
          serial_shops, shop, corner_web_ring
D:2:      layout_loops_corners, uniq_jessica, uniq_terence
D:3:      minmay_octagon_keep, layout_loops_ring, old_standard_altar,
          shapermc_ecumenical_altar_mp_highgroup
D:4:      layout_loops_ring, lemuel_doored_altar, lemuel_tele_altar,
          gammafunk_temple_overflow_wave, temple_fountains
D:5:      layout_basic
D:6:      wad_woods_stonehenge, layout_basic
D:7:      layout_basic, nicolae_uskayaw_en_pointe, minmay_statues_item,
          minmay_manual_monstrance
D:8:      layout_layer_cave, gammafunk_temple_overflow_pools,
          nrook_pool_corridor, minmay_chambers_of_fives, uniq_psyche
D:9:      nzn_winding_woodlands_three_and_one
          [nzn_winding_woodlands_5x15_lazy_stream,
          nzn_winding_woodlands_5x15_parted,
          nzn_winding_woodlands_5x15_sidewinder,
          nzn_winding_woodlands_center_pierced_h], layout_cave_pods,
          minmay_lair_entry_grove, minivault_5, kennysheep_small_square
Temple:   nicolae_temple_great_sept

Skill      XL: |  1  2  3  4  5  6  7  8  9 10 11 |
---------------+----------------------------------+-----
Axes           | 2 3 4 5 6 7 8 |  8.1
Spellcasting   | 1 2 3 4 |  4.1
Armour         | 4 5 6 7 |  7.6
Shields        | 4 5 6 7 |  7.6
Fighting       | 4 5 6 |  6.1
Invocations    | 1 2 3 4 6 |  6.5
Evocations     | 1 2 3 5 |  5.2
Transmutations | 2 4 5 |  5.0
Dodging        | |  0.6

Action                   |  1- 3 |  4- 6 |  7- 9 | 10-12 || total
-------------------------+-------+-------+-------+-------++-------
Melee: War axe           |    75 |   191 |   337 |   221 ||   824
Invok: Heroism           |       |       |       |     2 ||     2
  Use: Scroll            |       |     6 |     7 |     1 ||    14
       Potion            |       |     4 |     3 |     4 ||    11
Armor: Scale mail        |    58 |       |       |       ||    58
       Chain mail        |       |   133 |   239 |   217 ||   589
Dodge: Dodged            |    32 |    41 |    91 |    96 ||   260
Block: Kite shield       |    54 |   119 |   253 |   204 ||   630

Table legend: (Time is in decaauts)
 A = Elapsed time spent in this place.
 B = Non-inter-level travel time spent in this place.
 C = Inter-level travel time spent in this place.
 D = Time resting spent in this place.
 E = Time spent auto-exploring this place.
 F = Levels seen in this place.
 G = Mean time per level.
                   A        B        C        D        E       F      G
               +--------+--------+--------+--------+--------+-----+--------+
         Total |  13073 |  13046 |     27 |   4432 |   6166 |  10 | 1307.3 |
       Dungeon |  13031 |  13004 |     27 |   4432 |   6143 |   9 | 1447.9 |
        Temple |     41 |     41 |      0 |      0 |     23 |   1 |   41.0 |
               +--------+--------+--------+--------+--------+-----+--------+

Top non-repeatable levels by time:
     D:8: 3162 daAuts
     D:6: 2609 daAuts
     D:5: 1315 daAuts
     D:7: 1119 daAuts
     D:2: 1086 daAuts
     D:1: 970 daAuts
     D:3: 961 daAuts
     D:4: 933 daAuts
     D:9: 874 daAuts
  Temple: 41 daAuts
